 Dungeon Crawl Stone Soup version 0.31-a0-844-gdc52ec4e09 (webtiles) character file.

Game seed: 516064972683282029

458 Ethylacetat the Changeling (level 7, -8/35 HPs)
             Began as a Vine Stalker Shapeshifter on Sept 28, 2023.
             Was a Believer of Uskayaw.
             Mangled by an ogre
             ... wielding a +0 giant club
              (12 damage)
             ... on level 5 of the Dungeon.
             The game lasted 00:05:22 (2441 turns).

Ethylacetat the Changeling (VSSh)                   Turns: 2441, Time: 00:05:23

Health: -8/35      AC:  6    Str: 18    XL:     7   Next: 6%
Magic:  0/9        EV: 10    Int: 10    God:    Uskayaw [**....]
Gold:   306        SH:  0    Dex: 14    Spells: 6/6 levels left

rFire   . .          .
                       - Unarmed
rCold   . . .        (no shield)
rNeg    . . .        f - +0 scale mail
rPois   .            (helmet currently unavailable)
rElec   .            (cloak currently unavailable)
rCorr   .            (gloves currently unavailable)
SInv    .            (boots currently unavailable)
Will    .....        (no amulet) Stlth
                     (no ring)
HPRegen 1.05/turn    (no ring)
MPRegen 0.11/turn

%: guardian spirit
@: beast-form
A: beast (slay +2), fangs 2, regeneration 1, magic shield, antimagic bite, no
potion heal 2
a: Begin Untransformation, Renounce Religion, Stomp, Line Pass


You were on level 5 of the Dungeon.
You worshipped Uskayaw.
Uskayaw was noncommittal.
You were a hulking beast.
You visited 2 branches of the dungeon, and saw 6 of its levels.

You collected 306 gold pieces.

Inventory:

Missiles
 e - a throwing net
Armour
 f - a +0 scale mail (worn)
Talismans
 c - a beast talisman (active)
 d - a flux talisman
Wands
 m - a wand of flame (15)
 q - a wand of polymorph (12)
Scrolls
 a - a scroll of immolation {unknown}
 g - a scroll of teleportation {unknown}
 i - a scroll of poison {unknown}
 j - a scroll of fear {unknown}
 k - a scroll of fog {unknown}
 n - 2 scrolls of identify {unknown}
 o - a scroll of revelation {unknown}
 p - a scroll of noise {unknown}
 r - a scroll of enchant weapon {unknown}
Potions
 b - a potion of lignification
 h - a potion of resistance {unknown}
 l - a potion of enlightenment {unknown}


   Skills:
 + Level 2.8 Fighting
 + Level 2.9 Dodging
 + Level 4.3 Unarmed Combat
 * Level 1.3 Invocations
 * Level 4.9 Shapeshifting


You had 6 spell levels left.
You didn't know any spells.
Your spell library contained the following spells:

 Spells                   Type           Power      Damage    Failure   Level
 Scorch                   Fire           0%         2d5       89%         2
 Tukima's Dance           Hex            0%         N/A       98%         3
 Flame Wave               Conj/Fire      0%         2d4       100%        4
 Passage of Golubria      Tloc           0%         N/A       100%        4
 Yara's Violent Unravell  Hex/Tmut       0%         3d3       100%        5
 Summon Cactus Giant      Summ           0%         N/A       100%        6


Dungeon Overview and Level Annotations

Branches:
Dungeon (5/15)             Temple (1/1) D:4

Altars:
Ashenzari
Dithmenos
Elyvilon
Gozag
Hepliaklqana
Kikubaaqudgha
Nemelex Xobeh
Qazlal
Ru
Sif Muna
Trog
Uskayaw
Vehumet
Xom
Yredelemnul
Zin
The Shining One

Shops:
D:1 ?


Innate Abilities, Weirdness & Mutations

You are a hulking beast.
Your limbs bulge with bestial killing power. (Slay +2)
You have extremely sharp teeth.
Your natural rate of healing is unusually fast.
When hurt, damage is shared between your health and your magic reserves.
Your bite disrupts and absorbs the magic of your enemies.
Potions cannot restore your health.


Message History

You see here a +0 flail.
You see here a +0 club.
There is a stone staircase leading up here.
Found a stone staircase leading up.
No target in view!
There is a stone staircase leading up here.
Done exploring.
No target in view!
Done exploring.
No target in view!
No target in view!
Done exploring.
There is a stone staircase leading up here.
There is an open door here.
There is a stone staircase leading down here.
You climb downwards.
The iguana hisses angrily.
The ogre shouts!
Found a trident.
Found a stone staircase leading up.
There is a stone staircase leading up here.
You hit the iguana. Your bite misses the iguana.
The iguana is moderately wounded.
The iguana closely misses you.
You closely miss the iguana. Your bite misses the iguana.
The iguana is moderately wounded.
You hit the iguana.
The iguana is moderately wounded.
The iguana bites you!
You hit the iguana.
The iguana is severely wounded.
The iguana bites you.
You can now pass through a line of other dancers.
You hit the iguana. You bite the iguana.
You kill the iguana!
The ogre hits you with a +0 giant club!!
Ouch! That really hurt!
* * * LOW HITPOINT WARNING * * *
You hit the ogre. You bite the ogre. You drain its power.
You feel invigorated.
The ogre is moderately wounded.
The ogre hits you with a +0 giant club!!
You die...

#......##.#
#.......#..
#.).......#
#..........
#.........#
#.........#
#...O......
#..h.....#
#..###.....
..... .##
.......
.......
.......
.....<.
..#####


You could see an ogre.

Vanquished Creatures
  An ice beast (D:4)
  An orc priest (D:4)
  2 hounds
  A sleepcap (D:4)
  An iguana (D:5)
  An orc wizard (D:3)
  Robin (D:4)
  6 adders
  A gnoll (D:4)
  6 worms
  3 dart slugs
  12 orcs
  4 endoplasms
  4 giant cockroaches
  6 hobgoblins
  7 jackals
  A kobold (D:2)
  5 quokkas
  9 ball pythons
  2 bats (D:1)
  2 frilled lizards
  13 goblins
  3 rats
92 creatures vanquished.

Notes
Turn   | Place    | Note
-------+----------+-------------------------------------------
     0 | D:1      | Ethylacetat the Vine Stalker Shapeshifter began the quest
                  | for the Orb.
     0 | D:1      | Reached XP level 1. HP: 9/9 MP: 2/2
    86 | D:1      | Reached skill level 1 in Fighting
   126 | D:1      | Found Kiss's Magic Scroll Shoppe.
   280 | D:1      | Reached XP level 2. HP: 14/14 MP: 3/3
   578 | D:2      | Reached XP level 3. HP: 18/18 MP: 2/4
   752 | D:2      | Noticed a shining eye
   754 | D:2      | Found a faded altar of an unknown god.
   756 | D:2      | Noticed a shining eye
   759 | D:2      | Noticed an eye of devastation
   759 | D:2      | Noticed a great orb of eyes
  1013 | D:3      | Reached XP level 4. HP: 21/22 MP: 5/5
  1123 | D:3      | Reached XP level 5. HP: 26/26 MP: 3/6
  1493 | D:4      | Reached XP level 6. HP: 12/31 MP: 3/7
  1545 | D:4      | Noticed Robin
  1574 | D:4      | Killed Robin
  1840 | D:4      | Found a staircase to the Ecumenical Temple.
  1862 | Temple   | Entered the Ecumenical Temple
  1935 | Temple   | Became a worshipper of Uskayaw the Reveller
  2013 | D:4      | Reached * piety under Uskayaw
  2031 | D:4      | Noticed an ice beast
  2036 | D:4      | Reached ** piety under Uskayaw
  2043 | D:4      | Killed an ice beast
  2043 | D:4      | Reached *** piety under Uskayaw
  2044 | D:4      | Reached skill level 1 in Invocations
  2181 | D:4      | Reached XP level 7. HP: 35/35 MP: 8/8
  2435 | D:5      | Entered Level 5 of the Dungeon
  2441 | D:5      | Mangled by an ogre

Illustrated notes

Levels and vault maps discovered:
D:1:      dpeg_arrival_solitude, layout_rooms, serial_shops, shop_statue,
          minmay_misc_feat_plants, minmay_misc_feat_four_crosses
D:2:      layout_rooms, hellmonk_ecumenical_altar_watching_god,
          kennysheep_cross_room
D:3:      layout_basic
D:4:      layout_basic, minmay_temple_entry_slanted, glass_columns_a,
          minmay_circle_x, uniq_robin
D:5:      layout_rooms, chequers_temple_overflow_statue_of_worship,
          serial_shops, shop, chequers_serial_rivers_large_b, minivault_27,
          uniq_edmund
Temple:   minmay_temple_bridge_d

Skill      XL: |  1  2  3  4  5  6 |
---------------+-------------------+-----
Fighting       | 1 2 |  2.8
Dodging        | 2 |  2.9
Shapeshifting  | 4 |  4.9
Unarmed Combat | 4 |  4.3
Invocations    | 1 |  1.3

Action                     |  1- 3 |  4- 6 |  7- 9 || total
---------------------------+-------+-------+-------++-------
  Melee: Unarmed           |    84 |   174 |    10 ||   268
         Bite              |    17 |    47 |     3 ||    67
         Punch             |       |     7 |       ||     7
   Stab: Paralysed         |       |     1 |       ||     1
 Armour: Scale mail        |    41 |   134 |     6 ||   181
         Animal skin       |     1 |       |       ||     1
  Dodge: Dodged            |    33 |    80 |     5 ||   118

Table legend: (Time is in decaauts)
 A = Elapsed time spent in this place.
 B = Non-inter-level travel time spent in this place.
 C = Inter-level travel time spent in this place.
 D = Time resting spent in this place.
 E = Time spent auto-exploring this place.
 F = Levels seen in this place.
 G = Mean time per level.
                   A        B        C        D        E       F      G
               +--------+--------+--------+--------+--------+-----+--------+
         Total |   2423 |   2165 |    258 |      0 |   1616 |   6 |  403.8 |
       Dungeon |   2277 |   2163 |    114 |      0 |   1616 |   5 |  455.4 |
        Temple |    146 |      2 |    144 |      0 |      0 |   1 |  146.0 |
               +--------+--------+--------+--------+--------+-----+--------+

Top non-repeatable levels by time:
     D:4: 829 daAuts
     D:1: 502 daAuts
     D:2: 480 daAuts
     D:3: 459 daAuts
  Temple: 146 daAuts
     D:5: 5 daAuts
